 Dungeon Crawl Stone Soup version 0.27.1-2-g3b301248ec (webtiles) character file.

Game seed: 11968045051669234696

155 BobTheBalder the Sneak (level 5, 0/31 HPs)
             Began as an Octopode Fire Elementalist on Sept 29, 2021.
             Slain by a phantom (4 damage)
             ... on level 4 of the Dungeon.
             The game lasted 00:12:57 (4608 turns).

BobTheBalder the Sneak (Octopode Fire Elementalist) Turns: 4608, Time: 00:12:57

Health: 0/31       AC:  1    Str:  7    XL:     5   Next: 37%
Magic:  8/9        EV: 13    Int: 18    God:
Gold:   151        SH:  0    Dex: 13    Spells: 7/9 levels left

rFire    . . .     SeeInvis .   h - +3 short sword (holy)
rCold    . . .     Faith    .   (no shield)
rNeg     . . .     Spirit   .   (helmet restricted)
rPois    .         Reflect  .   (no amulet)
rElec    .         Harm     .   j - ring of willpower
rCorr    .         Rampage  .   n - ring of wizardry
Will     +....                  (no ring)
Stlth    +++.......             (no ring)
HPRegen  0.10/turn              (no ring)
MPRegen  0.11/turn              (no ring)
                                (no ring)
                                (no ring)

@: no status effects
A: almost no armour, amphibious, 8 rings, camouflage 1, gelatinous body 1,
(nimble swimmer 1), tentacles
a: no special abilities


You were on level 4 of the Dungeon.
You visited 1 branch of the dungeon, and saw 4 of its levels.

You collected 151 gold pieces.

Inventory:

Hand Weapons
 c - a +0 dagger
 h - a +3 short sword of holy wrath (weapon)
Jewellery
 j - a ring of willpower (left tentacle)
 n - a ring of wizardry (right tentacle)
Wands
 b - a wand of iceblast (7)
Scrolls
 g - a scroll of teleportation
 k - a scroll of blinking
Potions
 a - a potion of heal wounds {unknown}
 d - 2 potions of might {unknown}
 e - 3 potions of curing {unknown}
 f - a potion of attraction {unknown}
 i - 2 potions of ambrosia {unknown}
 l - a potion of haste {unknown}
 q - a potion of cancellation {unknown}


   Skills:
 + Level 2.7 Dodging
 + Level 3.9 Stealth
 * Level 2.9 Spellcasting
 * Level 2.4 Conjurations
 * Level 3.8 Fire Magic


You had 7 spell levels left.
You knew the following spells:

 Your Spells              Type           Power      Damage    Failure   Level
a - Foxfire               Conj/Fire      52%        2x1d6     1%          1
b - Magic Dart            Conj           44%        1d5       2%          1

Your spell library contained the following spells:

 Spells                   Type           Power      Damage    Failure   Level
 Conjure Flame            Conj/Fire      13%        6-21      6%          3
 Inner Flame              Hex/Fire       9%         N/A       9%          3
 Call Imp                 Summ           2%         N/A       11%         2
 Mephitic Cloud           Conj/Pois/Air  5%         N/A       14%         3
 Sticky Flame             Conj/Fire      13%        2d4       17%         4
 Fireball                 Conj/Fire      6%         3d5       43%         5


Dungeon Overview and Level Annotations

Branches:
Dungeon (4/15)
 Temple: D:4-7

Altars:

Annotations:
D:2 1 runed translucent door, Crazy Yiuf


Innate Abilities, Weirdness & Mutations

You cannot wear most types of armour.
You are amphibious.
You can wear up to eight rings at the same time.
Your skin changes colour to match your surroundings (Stealth+).
Your rubbery body absorbs attacks. (AC +1, EV +1)
((You are camouflaged near water. (Stealth+)))
You have tentacles for arms and can constrict up to eight enemies at once.


Message History

You are too injured to fight recklessly!
Casting: Magic Dart (safe; 2% risk of failure)
Confirm with . or Enter, or press ? or * to list all spells.
Aiming: Magic Dart (safe; 2% risk of failure)
Press: ? - help, Shift-Dir - straight line, f - phantom
Aim: a phantom (100% to hit)
The magic dart hits the phantom.
The phantom is lightly damaged.
Casting: Magic Dart (safe; 2% risk of failure)
Confirm with . or Enter, or press ? or * to list all spells.
You conjure some foxfire!
The foxfire hits the phantom.
The phantom is moderately damaged.
The foxfire hits the phantom but does no damage.
The phantom is moderately damaged.
There is an open door here.
There is an open door here.
There is a stone staircase leading up here.
You climb upwards.
There is a stone staircase leading down here.
You start resting.
Magic restored.
You start resting.
HP restored.
You climb downwards.
The phantom hits you.
There is a stone staircase leading up here.
You barely miss the phantom. The phantom hits you.
You hit the phantom but do no damage. The phantom closely misses you.
You hit the phantom but do no damage. The phantom hits you!
The phantom blinks!
You blink.
The phantom hits you!
* * * LOW HITPOINT WARNING * * *
Casting: Foxfire (safe; 1% risk of failure)
Confirm with . or Enter, or press ? or * to list all spells.
Aiming: Magic Dart (safe; 2% risk of failure)
Press: ? - help, Shift-Dir - straight line, f - phantom
Aim: a phantom (100% to hit)
The magic dart hits the phantom.
The phantom is lightly damaged.
The phantom hits you.
You die...

#####+# .#
##.##..##.###
#............
#............
#............
#............
#######.##..###..#
##.......##'####..#
#.@...#...'.......#
#W....#...#........
##..§..'...#........
#....§##..##...#..##
########..#########
#....# #....# ##..##
####


You could see a phantom.

Vanquished Creatures
  Natasha (D:3)
  An iguana (D:4)
  3 adders
  An adder skeleton (D:4)
  2 worms
  2 dart slugs (D:1)
  3 ball pythons (D:1)
  8 bats
  8 endoplasms
  4 giant cockroaches
  7 goblins
  6 hobgoblins
  3 jackals (D:2)
  5 frilled lizards
  5 kobolds
  2 rats (D:2)
61 creatures vanquished.

Vanquished Creatures (others)
  174 foxfires
174 creatures vanquished.

Grand Total: 235 creatures vanquished

Notes
Turn   | Place    | Note
-------+----------+-------------------------------------------
     0 | D:1      | BobTheBalder the Octopode Fire Elementalist began the quest
                  | for the Orb.
     0 | D:1      | Reached XP level 1. HP: 11/11 MP: 3/3
    54 | D:1      | You fall into a shaft and drop 1 floor!
    68 | D:2      | Reached XP level 2. HP: 7/17 MP: 0/5
   864 | D:1      | Reached XP level 3. HP: 21/21 MP: 0/6
  2299 | D:2      | Found a runed translucent door.
  2300 | D:2      | Noticed Crazy Yiuf
  2479 | D:2      | Reached XP level 4. HP: 27/27 MP: 2/7
  3405 | D:3      | Found a faded altar of an unknown god.
  3639 | D:3      | Noticed Natasha
  3659 | D:3      | Killed Natasha
  3660 | D:3      | Reached XP level 5. HP: 2/31 MP: 3/9
  3692 | D:3      | HP: 1/31 [hobgoblin/stone (4)]
  4060 | D:3      | Learned a level 1 spell: Magic Dart
  4447 | D:4      | Noticed a phantom
  4608 | D:4      | Slain by a phantom

Illustrated notes

Levels and vault maps discovered:
D:1:      erik_arrival_triangle_large, layout_basic
D:2:      layout_loops_cross, mrwooster_statue_mirror, kennysheep_nub,
          uniq_crazy_yiuf_cottage
D:3:      layout_basic, shapermc_ecumenical_altar_venn, uniq_natasha
D:4:      layout_gridville, chequers_serial_rivers_room_a,
          hangedman_abyss_or_decor_stabs, minivault_23, st_stairs_5, uniq_pikel

Skill      XL: |  1  2  3  4 |
---------------+-------------+-----
Stealth        | 3 |  3.9
Conjurations   | 2 |  2.4
Dodging        | |  2.7
Spellcasting   | |  2.9
Fire Magic     | |  3.8

Action                   |  1- 3 |  4- 6 || total
-------------------------+-------+-------++-------
Melee: Unarmed           |     6 |       ||     6
       Constrict         |     6 |     2 ||     8
       Dagger            |    11 |       ||    11
       Short sword       |       |    19 ||    19
       Tentacles         |       |     1 ||     1
 Cast: Foxfire           |    89 |    53 ||   142
       Magic Dart        |       |    22 ||    22
  Use: Scroll            |       |     5 ||     5
Armor: Skin              |     4 |     1 ||     5
Dodge: Dodged            |    19 |    12 ||    31
